 BcadrenCrawl: Boulder Brew version 0.05.21-81-gd28e3044bd (webtiles) character file.

Game seed: 17493324174227493926, levelgen mode: deterministic

143 HammerPanzer the Ducker (level 5, 0/41 HPs) Immature Draconian Demonspawn. Began on Sept 7, 2021. Slain by a sewer rat (3 damage) ... on level 2 of the Dungeon. The game lasted 00:03:06 (410 turns).

HammerPanzer the Ducker (DrDs)                       Turns: 410, Time: 00:03:07

Health: 0/41       AC:  6    Str: 18    XL:     5 ^: 175
Magic:  0/7        EV: 10    Int: 12    God:
Gold:   12         SH:  5    Dex: 10    Spells: 5/6 levels left

rFire    . . .     Vision   .   a - +0 long sword
rCold    . . .     Gourm    .   g - +0 heater shield
rNeg     . . .     Faith    .   (armour unavailable)
rCorr    . . .     Spirit   +   (helmet restricted)
rPois    .         Reflect  .   (no cloak)
rElec    .         Harm     .   (no gloves)
MR       .....                  (no boots)
Stlth    ++........             (no amulet)
HPRegen  0.23/turn              (no ring)
MPRegen  0.17/turn              (no ring)

@: short of breath, studying Transmutations
A: horns 1, deformed body 2, magic shield, cold-blooded, AC +6
a: Breathe Dart


You were on level 2 of the Dungeon.
You were not hungry.

You visited 1 branch of the dungeon, and saw 2 of its levels.

You collected 12 gold pieces.

Inventory:

Weapons
 a - a +0 long sword (weapon) Shields
 g - a +0 heater shield (shield)
Jewellery
 e - an uncursed ring of fire
 f - an uncursed ring of wizardry
Potions
 d - a potion of agility
Comestibles
 b - 15 chunks of flesh
 c - 2 rations


   Skills:
 + Level 1.9 Fighting
 + Level 2.9 Long Blades
 + Level 3.2 Dodging
 + Level 1.9 Stealth
 + Level 1.4 Spellcasting
 - Level 1.5 Fire Magic
   Level 3.0 Invocations


You had 5 spell levels left.
You knew the following spells:

 Your Spells              Type           Power        Failure   Level  Hunger
a - Flame Tongue          Fire           4 (30)       71%         1    23-43

Your spell library contained the following spells:

 Spells                   Type           Power        Failure   Level  Hunger
 Blink Tloc N/A 97% 2 63-103 Call Imp Summ 0 (100) 97% 2 63-103 Slow Hex 0 (100) 97% 2 63-103 Conjure Flame Fire 4 (100) 97% 3 103-163 Mephitic Cloud Pois/Air       0 (100)      99%         3    103-163


Dungeon Overview and Level Annotations

Branches:
Dungeon (2/8)

Altars:


Innate Abilities, Weirdness & Mutations

Your plain brown scales are resilient. (AC +6)
You can breathe rudimentary magical darts.
You have a pair of horns on your head.
You cannot wear any armour on your peculiar form.
When hurt, damage is shared between your health and your magic reserves.
You are cold-blooded and are slowed more easily by cold attacks.


Message History

The ooze barely misses you (0).
The sewer rat bites you but does no damage.
You barely miss the sewer rat. The sewer rat bites you (3).
* * * LOW HITPOINT WARNING * * *
You block the sewer rat's attack. The sewer rat closely misses you (0).
You riposte.
You closely miss the sewer rat.
The sewer rat bites you but does no damage.
You block the sewer rat's attack. The sewer rat closely misses you (0).
The ooze hits you but does no damage. The sewer rat barely misses you (0).
The sewer rat bites you but does no damage.
The sewer rat bites you (5).
* * * LOW HITPOINT WARNING * * *
The sewer rat closely misses you (0).
The sewer rat bites you but does no damage.
The sewer rat barely misses you (0).
You riposte.
You barely miss the sewer rat. The sewer rat bites you (1).
You barely miss the sewer rat. The ooze hits you but does no damage.
The sewer rat barely misses you (0).
You riposte.
You barely miss the sewer rat. The sewer rat bites you (4).
You die...

≈.≈..>≈≈≈#≈....≈##
..#≈≈≈;..........≈≈.
..#≈≈≈..≈.....?.....
..≈≈≈..≈≈.≈.........
##..≈≈.≈≈≈.≈≈........
#≈.#.≈..≈≈≈≈#rs.#...≈
##....≈≈.≈≈≈.rrJ......
...#.;≈.....r@rr.....
.≈.≈≈≈≈≈.≈≈≈rrrJ.....
.≈#PP≈.≈≈≈≈#wr..#.#. .≈
#.†)≈≈≈≈≈.#.≈P.... ..≈
#.)÷..≈≈....#P#.#.
....###.≈≈≈....#≈.......
....#≈#...≈≈≈≈.###..#.#.
.##..#..≈..≈≈≈.# ......
...≈.≈.<≈≈..≈≈≈≈≈


You could see a worm, a jelly, an ooze, 10 sewer rats, a giant cockroach and a
neutral slimehead (wandering) (passive).

Vanquished Creatures
  A big kobold (D:2)
  3 giant cockroaches (D:1)
  A sewer rat (D:2)
  2 leopard geckos
  An adder skeleton (D:2)
  A goblin (D:1)
  2 hobgoblins (D:1)
  3 bats (D:1)
  6 kobolds
  6 rats (D:1)
26 creatures vanquished.

Vanquished Creatures (others)
  7 withered plants (D:2)
7 creatures vanquished.

Grand Total: 33 creatures vanquished

Notes
Turn   | Place    | Note
-------+----------+-------------------------------------------
     0 | D:1      | HammerPanzer the Immature Draconian Demonspawn began the
                  | quest for the Orb.
     0 | D:1      | Reached XP level 1. HP: 16/16 MP: 3/3
   140 | D:1      | Gained mutation: You have a pair of horns on your head.
                  | [demonic ancestry]
   140 | D:1      | Reached XP level 2. HP: 22/23 MP: 4/4
   323 | D:1      | Reached XP level 3. HP: 25/28 MP: 5/5
   359 | D:2      | Noticed a big kobold
   370 | D:2      | Reached XP level 4. HP: 34/35 MP: 6/6
   382 | D:2      | Killed a big kobold
   408 | D:2      | Gained mutation: When hurt, damage is shared between your
                  | health and your magic reserves. [demonic ancestry]
   408 | D:2      | Reached XP level 5. HP: 6/41 MP: 7/7
   409 | D:2      | HP: 2/41 [sewer rat (2)]
   410 | D:2      | Slain by a sewer rat

Levels and vault maps discovered:
D:1:      giann_wishing_wells, layout_loops_corners, first_ration,
          xom_teletrap_fun, gup_sewer_entry_pipe
D:2:      layout_sewer, old_standard_altar, led_sif_book, elyvilon_niche,
          serial_shops, nicolae_shop_stone, serial_glass, glass_columns_b,
          glass_columns_b, hangedman_glass_garden

Skill      XL: |  1  2 |
---------------+-------+-----
Long Blades    | 2 |  2.9
Dodging        | 3 |  3.2
Fighting       | |  1.9
Stealth        | |  1.9
Spellcasting   | |  1.4
Fire Magic     | |  1.5
Invocations    | |  3.0

Action                   |  1- 3 |  4- 6 || total
-------------------------+-------+-------++-------
Melee: Long sword        |    47 |    26 ||    73
       Unarmed           |    30 |    11 ||    41
       Peck              |     2 |     2 ||     4
       Headbutt          |     1 |       ||     1
 Abil: Breathe Dart      |       |     1 ||     1
 Stab: Sleeping          |     2 |       ||     2
Armor: Skin              |    13 |    28 ||    41
Dodge: Dodged            |    39 |    48 ||    87
Block: Heater shield     |       |    23 ||    23
       Rpst.: Long sword |    14 |    15 ||    29
